 Dungeon Crawl Stone Soup version 0.26-b1-32-g5d43845318 (webtiles) character file.

Game seed: 6492241078258832027

231 EnegeticOcto the Chopper (level 5, -9/44 (47) HPs)
             Began as a Minotaur Fighter on Jan 8, 2021.
             Mangled by a wyvern (13 damage)
             ... on level 4 of the Dungeon.
             The game lasted 00:01:14 (2261 turns).

EnegeticOcto the Chopper (Minotaur Fighter)         Turns: 2261, Time: 00:01:14

HP:   -9/44 (47)    AC:  7    Str: 22    XL:     5   Next: 72%
MP:   4/4           EV:  7    Int:  5    God:
Gold: 148           SH:  0    Dex:  9    Spells: 4/4 levels left

rFire    . . .     SeeInvis .   a - +0 war axe
rCold    . . .     Faith    .   c - +1 kite shield
rNeg     . . .     Spirit   .   b - +0 scale mail
rPois    +         Reflect  .   (helmet restricted)
rElec    .         Harm     .   (no cloak)
rCorr    .         Rampage  .   (no gloves)
Will     .....     Rnd*Tele +   (no boots)
Stlth    ..........             p - amulet of the acrobat
HPRegen  0.14/turn              f - ring of teleportation (curse)
MPRegen  0.09/turn              o - ring of poison resistance

@: confused, drained
A: retaliatory headbutt, horns 2
a: no special abilities


You were on level 4 of the Dungeon.
You visited 1 branch of the dungeon, and saw 4 of its levels.

You collected 148 gold pieces.

Inventory:

Hand Weapons
 a - a +0 war axe (weapon)
Armour
 b - a +0 scale mail (worn)
 c - a +1 kite shield (worn)
Jewellery
 f - a cursed ring of teleportation (left hand)
 h - an uncursed ring of protection from cold
 o - a ring of poison resistance (right hand)
 p - an amulet of the acrobat (around neck)
Scrolls
 e - 4 scrolls of identify {@r1}
 g - a scroll of enchant armour
 n - a scroll of random uselessness
Potions
 d - a potion of might {@q3}
 i - a potion of magic
 j - a potion of degeneration {unknown}
 l - a potion of curing {@q1}


   Skills:
 + Level 4.8 Fighting
 * Level 5.0 Axes
 + Level 4.7 Armour
 + Level 4.7 Shields


You had 4 spell levels left.
You didn't know any spells.
Your spell library was empty.

Dungeon Overview and Level Annotations

Branches:
Dungeon (4/15)
 Temple: D:4-7

Altars:
Okawaru
Trog
Uskayaw
Wu Jian


Innate Abilities, Weirdness & Mutations

You reflexively headbutt those who attack you in melee.
You have a pair of horns on your head.


Message History

No target in view!
No target in view!
No target in view!
No target in view!
No target in view!
No target in view!
Done exploring.
Okay, then.
(D) Dungeon
Where to? (Enter - D:3, ? - help)
There is a stone staircase leading down here.
You climb downwards.
Found 13 gold pieces.
There is a stone staircase leading up here.
As you read the scroll labelled NUANYH PESU, it crumbles to dust.
Your nose twitches suddenly!
It was a scroll of random uselessness.
As you read the scroll labelled XEGY LIMEFO, it crumbles to dust.
You feel blessed for a moment.
It was a scroll of remove curse.
As you read the scroll labelled EPSE KOUFAUCEWIG, it crumbles to dust.
The air around you briefly surges with heat, but it dissipates.
It was a scroll of immolation.
As you read the scroll labelled IBRYXY ISUYJI, it crumbles to dust.
You assume a fearsome visage.
Nothing appears to happen.
It was a scroll of fear.
As you read the scroll labelled GENOCO NAOJ, it crumbles to dust.
It is a scroll of enchant armour.
Your +0 kite shield glows green for a moment.
As you read the scroll labelled FENOASHRADOF, it crumbles to dust.
It is a scroll of identify.
i - a potion of magic
As you read the scroll of identify {@r1}, it crumbles to dust.
l - a potion of curing You feel slightly jumpy.
Oops, that ring feels deathly cold.
f - a cursed ring of teleportation (left hand)
h - a ring of protection from cold (right hand)
You remove your ring of protection from cold.
o - a ring of poison resistance (right hand)
You start putting on your amulet.
You continue putting on your dented sapphire amulet. x5
You finish putting on your uncursed amulet of the acrobat.
You feel ready to tumble and roll out of harm's way.
p - an amulet of the acrobat (around neck) Drop what? 13/52 slots (_ for help) (? for menu, Esc to quit)
Okay, then.
You now have 148 gold pieces (gained 13).
There is a stone staircase leading up here.
j - a red potion You feel strangely unstable.
You are suddenly yanked towards some nearby monsters!
Your surroundings suddenly seem different.
Ijyb the Twisted Goblin comes into view.
She is wielding a +1 dagger of draining and carrying a wand of enslavement (8).
Ijyb shouts!
A wyvern comes into view.
You block the wyvern's attack. You block Ijyb's attack.
Found a stone staircase leading up.
There are monsters nearby!
There are monsters nearby!
You barely miss the wyvern. You hit Ijyb. The wyvern bites you!
The wyvern bites you but does no damage.
You block Ijyb's attack.
You closely miss Ijyb.
Ijyb is moderately wounded.
You barely miss the wyvern. The wyvern bites you!
Ijyb drinks a potion.
Ijyb seems to speed up.
The wyvern bites you!
* * * LOW HITPOINT WARNING * * *
You are too injured to fight recklessly!
You are too injured to fight recklessly!
You are too injured to fight recklessly!
You are too injured to fight recklessly!
You are too injured to fight recklessly!
You are too injured to fight recklessly!
You are too injured to fight recklessly!
You are too injured to fight recklessly!
You are too injured to fight recklessly!
You are too injured to fight recklessly!
You are too injured to fight recklessly!
You are too injured to fight recklessly!
You are too injured to fight recklessly!
You are too injured to fight recklessly!
Okay, then.
You slash Ijyb!
Ijyb is almost dead.
You slash the wyvern!
Ijyb zaps a wand.
Your will is overpowered!
You are confused.
The wyvern barely misses you. Ijyb hits you but does no damage.
You feel drained. The wyvern bites you.
* * * LOW HITPOINT WARNING * * *
You barely miss Ijyb. Your headbutt misses Ijyb.
Ijyb is almost dead.
You hit the wyvern.
Ijyb hits you with a +1 dagger of draining.
* * * LOW HITPOINT WARNING * * *
You feel drained.
The wyvern bites you but does no damage.
Ijyb hits you but does no damage.
You feel drained.
The wyvern bites you but does no damage.
You hit Ijyb.
You kill Ijyb!
You miss the wyvern. The wyvern bites you!
You die...

###+#####
#.......#
#...@)..#
#....l..#
..............#
###........####
.......<..#
.........#.#
#.#..#.#.#.#
.....#. .#.#


You could see a wyvern.

Vanquished Creatures
  An orc priest (D:3)
  Ijyb (D:4)
  A worker ant (D:2)
  11 adders
  An ooze (D:1)
  A worm (D:2)
  3 dart slugs
  3 leopard geckos
  4 orcs (D:3)
  9 bats
  2 giant cockroaches
  7 hobgoblins
  A jackal (D:1)
  8 kobolds
  6 frilled lizards
  8 goblins
  4 rats
71 creatures vanquished.

Notes
Turn   | Place    | Note
-------+----------+-------------------------------------------
     0 | D:1      | EnegeticOcto the Minotaur Fighter began the quest for the
                  | Orb.
     0 | D:1      | Reached XP level 1. HP: 19/19 MP: 0/0
   126 | D:1      | Reached XP level 2. HP: 22/27 MP: 1/1
   538 | D:1      | Reached skill level 3 in Axes
   808 | D:1      | Reached XP level 3. HP: 33/33 MP: 2/2
   960 | D:2      | Reached XP level 4. HP: 40/40 MP: 3/3
   963 | D:2      | Reached skill level 4 in Axes
  1409 | D:3      | Reached XP level 5. HP: 47/47 MP: 4/4
  1678 | D:3      | Found an iron altar of Okawaru.
  2004 | D:3      | Found a bloodstained altar of Trog.
  2007 | D:3      | Found a hide-covered altar of Uskayaw.
  2010 | D:3      | Found an ornate altar of the Wu Jian Council.
  2036 | D:3      | Reached skill level 5 in Axes
  2256 | D:4      | Noticed Ijyb
  2256 | D:4      | Noticed a wyvern
  2261 | D:4      | Killed Ijyb
  2261 | D:4      | Mangled by a wyvern

Illustrated notes

Levels and vault maps discovered:
D:1:      shiori_arrival_elements, layout_rooms, hex_large, minmay_cupped
D:2:      layout_rooms
D:3:      layout_basic, grunt_temple_overflow_diamond, okawaru_trees_2
D:4:      layout_basic, grunt_temple_overflow_gold_and_silver,
          lightli_temple_of_fire, uniq_crazy_yiuf_cottage, uniq_blork_the_orc,
          uniq_eustachio, uniq_ijyb

Skill      XL: |  1  2  3  4  5 |
---------------+----------------+-----
Axes           | 3 4 5 |  5.0
Armour         | 4 |  4.7
Fighting       | 4 |  4.8
Shields        | 4 |  4.7

Action                   |  1- 3 |  4- 6 || total
-------------------------+-------+-------++-------
Melee: War axe           |    49 |   106 ||   155
       Headbutt          |     1 |    11 ||    12
  Use: Scroll            |       |     7 ||     7
       Potion            |       |     2 ||     2
Armor: Scale mail        |    25 |    64 ||    89
Dodge: Dodged            |    19 |    44 ||    63
Block: Kite shield       |    25 |    64 ||    89
